 Dungeon Crawl Stone Soup version 0.29.1-15-g9cfb28693d (webtiles) character file.

Game seed: 8707462721507255927

11202 devnull the Impaler (level 11, -42/79 HPs)
             Began as a Merfolk Gladiator on Apr 26, 2023.
             Was a Priest of Zin.
             Blown up by a lich (71 damage)
             ... with an orb of destruction
             ... on level 1 of the Abyss.
             The game lasted 00:28:03 (14198 turns).

devnull the Impaler (Merfolk Gladiator)            Turns: 14198, Time: 00:28:03

Health: -42/79     AC: 14    Str: 25    XL:     11   Next: 74%
Magic:  4/4        EV: 18    Int:  8    God:    Zin [***...]
Gold:   671        SH:  0    Dex: 15    Spells: 10/10 levels left

rFire   . . .      SeeInvis .   a - +1 halberd (antimagic)
rCold   . . .      Faith    .   (shield currently unavailable)
rNeg    + . .      Spirit   .   d - +4 ring mail {rN+}
rPois   +          Reflect  .   c - +0 helmet
rElec   .          Harm     .   h - scarf {repulsion}
rCorr   .          Rampage  .   G - +0 pair of gloves
Will    .....                   v - +2 pair of boots
Stlth   +.........              (no amulet)
HPRegen 0.23/turn               E - +6 ring of strength
MPRegen 0.09/turn               P - ring of poison resistance

@: about to teleport, repel missiles
A: (nimble swimmer 2), mertail
a: Renounce Religion, Recite, Vitalisation, Imprison, Donate Gold


You were on level 1 of the Abyss.
You worshipped Zin.
Zin was most pleased with you.
You visited 2 branches of the dungeon, and saw 12 of its levels.
You visited the Abyss 1 time.
You also visited: Ossuary.

You collected 745 gold pieces.
You donated 74 gold pieces to Zin.

Inventory:

Hand Weapons
 a - a +1 antimagic halberd (weapon)
 M - a +0 trident of venom
Missiles
 r - 37 poisoned darts (quivered)
 u - a throwing net
 O - a javelin
Armour
 c - a +0 helmet (worn)
 d - a +4 ring mail of positive energy (worn)
 h - a scarf of repulsion (worn)
 v - a +2 pair of boots (worn)
 G - a +0 pair of gloves (worn)
Jewellery
 j - an amulet of faith
 E - a +6 ring of strength (left hand)
 P - a ring of poison resistance (right hand)
Wands
 e - a wand of paralysis (8)
 y - a wand of flame (5)
 A - a wand of polymorph (8)
 I - a wand of digging (7)
 J - a wand of mindburst (5)
 K - a wand of iceblast (13)
 L - a wand of quicksilver (13)
Scrolls
 b - a scroll of enchant armour {unknown}
 g - 3 scrolls of vulnerability
 n - 4 scrolls of fog
 q - 4 scrolls of amnesia
 t - a scroll of teleportation
 x - 4 scrolls of enchant weapon
 B - a scroll of silence
 D - 5 scrolls of immolation
 F - 2 scrolls of fear {unknown}
 N - a scroll of magic mapping
Potions
 f - 4 potions of flight
 k - 2 potions of haste {unknown}
 l - a potion of cancellation {unknown}
 m - 3 potions of might
 o - 3 potions of magic
 p - 3 potions of resistance {unknown}
 s - 3 potions of mutation
 w - 2 potions of lignification {unknown}
 z - 3 potions of heal wounds {unknown}
 C - 2 potions of berserk rage {unknown}
 R - a potion of ambrosia {unknown}


   Skills:
 - Level 5.0 Fighting
 - Level 16.0 Polearms
 - Level 5.0 Throwing
 - Level 15.0 Dodging
 + Level 5.0 Invocations


You had 10 spell levels left.
You didn't know any spells.
Your spell library contained the following spells:

 Spells                   Type           Power      Damage    Failure   Level
 Poisonous Vapours        Pois/Air       0%         N/A       71%         2
 Sublimation of Blood     Necr           0%         N/A       71%         2
 Wereblood                Tmut           0%         N/A       71%         2
 Call Canine Familiar     Summ           0%         N/A       90%         3
 Portal Projectile        Hex/Tloc       0%         N/A       90%         3
 Corpse Rot               Necr/Pois/Air  0%         N/A       100%        4
 Leda's Liquefaction      Hex/Erth       0%         N/A       100%        4
 Fireball                 Conj/Fire      0%         3d3       100%        5
 Starburst                Conj/Fire      0%         6d3       100%        6
 Summon Hydra             Summ           0%         N/A       100%        7
 Ignition                 Fire           0%         3d3       100%        8


Dungeon Overview and Level Annotations

Branches:
Dungeon (11/15)            Temple (1/1) D:5         Ossuary (visited)
   Lair: D:8-11         Orc: D:9-12

Altars:
Ashenzari
Cheibriados
Dithmenos
Elyvilon
Fedhas
Gozag
Hepliaklqana
Kikubaaqudgha
Makhleb
Nemelex Xobeh
Okawaru
Qazlal
Ru
Sif Muna
Trog
Uskayaw
Vehumet
Wu Jian
Xom
Yredelemnul
Zin
The Shining One

Annotations:
D:8 1 runed translucent door, hawla's ghost, novice MeIE
D:11 Sonja


Innate Abilities, Weirdness & Mutations

((You are very nimble when in or above water. (Stealth+, EV+, Speed+++)))
Your lower body shifts to a powerful aquatic tail in water.


Message History

The hellephant trumpets!
The hellephant breathes flames at you. The blast of flame misses you.
You hear a shout!
The hellephant blinks!
A lich comes into view.
Press: ? - help, v - describe, . - travel
Here: a hellephant (catching its breath)
The floor.
Unknown command.
The hellephant blinks!
The lich mumbles some strange words.
The lich seems to speed up.
The hellephant closely misses you. The hellephant bites you!
The hellephant gores you but does no damage.
The hellephant attacks as you move away!
The hellephant completely misses you. The hellephant bites you!
The hellephant closely misses you.
The lich mumbles some strange words.
The lich flickers and vanishes!
Deactivating autopickup; reactivate with Ctrl-A.
The hellephant attacks as you move away!
The hellephant tramples you!! The hellephant completely misses you.
The hellephant closely misses you. The hellephant breathes flames at you.
The blast of flame hits you!!!! Zin protects you from harm!
You are not zealous enough to affect this audience!
Unknown command.
As you read the scroll of teleportation, it crumbles to dust.
You feel strangely unstable.
You feel the power of the Abyss delaying your translocation!
The hellephant blinks!
A chaos spawn comes into view.
Something barely misses you. Something touches you.
Something conjures a glowing orb.
An orb of destruction comes into view.
The orb of destruction hits you!!!
Ouch! That really hurt!
You die...

..# ##.#...§ #..
...#..# .
#.##...# # ###
..##
#..#.#.......# #.
#.#...##
#...####..#.# #.
#..#...###{#
....#..##.###☼#
......#..###@##
.## ##..####..#
#...#.# .....#.#
....4.#.##..#...#
.##..# ..##.# #
## ...# #..##. .#
.#... .##.. #
###.#..#. ##...#


There were no monsters in sight!

Vanquished Creatures
  A great orb of eyes (Abyss:1)
  A death knight (D:8)
  Pikel (D:9)
  A gargoyle (D:10)
  Maurice (D:9)
  A freezing wraith (D:8)
  A merfolk (D:10)
  A queen bee (D:8)
  A troll (D:10)
  4 wraiths
  Sigmund (D:5)
  A shadow (D:9)
  10 yaks
  A wyvern (D:10)
  Eustachio (D:6)
  4 vampire mosquitoes (D:11)
  2 steam dragons
  Edmund (D:5)
  A water moccasin (D:6)
  2 sky beasts (D:7)
  5 orc warriors
  4 black bears
  2 centaurs
  A phantom (D:5)
  2 kobold brigands (D:7)
  An elf zombie (Ossuary)
  A bullfrog (D:6)
  2 necrophages
  A scorpion (D:6)
  6 wights
  14 killer bees (D:8)
  4 electric eels (D:10)
  4 howler monkeys
  A crimson imp (Abyss:1)
  10 hounds
  A quasit (Abyss:1)
  2 human zombies (Ossuary)
  2 jellies (D:5)
  6 orc priests
  2 gnoll boudas
  8 orc wizards
  Natasha (thrice) (D:3)
  4 iguanas
  2 hound zombies (Ossuary)
  4 mummies (Ossuary)
  Robin (D:3)
  10 gnolls
  10 adders
  3 white imps (D:7)
  2 ufetubi
  An adder zombie (Ossuary)
  A worm (D:2)
  2 dart slugs (D:1)
  38 orcs
  7 endoplasms
  8 giant cockroaches
  14 hobgoblins
  7 jackals (D:2)
  6 quokkas
  11 ball pythons
  5 bats
  2 frilled lizards
  A gnoll zombie (Ossuary)
  19 goblins
  A goblin zombie (Ossuary)
  3 hobgoblin zombies (Ossuary)
  20 kobolds
  An orc zombie (Ossuary)
  5 rats
307 creatures vanquished.

Vanquished Creatures (others)
  23 plants (D:8)
  2 withered plants (D:8)
25 creatures vanquished.

Grand Total: 332 creatures vanquished

Notes
Turn   | Place    | Note
-------+----------+-------------------------------------------
     0 | D:1      | devnull the Merfolk Gladiator began the quest for the Orb.
     0 | D:1      | Reached XP level 1. HP: 16/16 MP: 1/1
    62 | D:1      | Reached XP level 2. HP: 16/22 MP: 2/2
   168 | D:1      | Reached skill level 5 in Polearms
   362 | D:1      | Found a faded altar of an unknown god.
   562 | D:1      | Reached XP level 3. HP: 16/27 MP: 3/3
  1063 | D:2      | Reached skill level 6 in Polearms
  1366 | D:2      | Found a hide-covered altar of Uskayaw.
  1484 | D:2      | Reached XP level 4. HP: 33/33 MP: 4/4
  1994 | D:2      | Reached skill level 7 in Polearms
  2023 | D:2      | Reached XP level 5. HP: 30/38 MP: 5/5
  2478 | D:3      | Found a shimmering altar of Xom.
  2563 | D:3      | Noticed Robin
  2564 | D:3      | Found an opulent altar of Gozag.
  2618 | D:3      | Killed Robin
  2619 | D:3      | Reached skill level 8 in Polearms
  2721 | D:3      | Noticed Natasha
  2741 | D:3      | HP: 1/38 [Natasha (1)]
  2744 | D:3      | Killed Natasha
  2791 | D:3      | Noticed Natasha
  3330 | D:3      | Reached skill level 9 in Polearms
  3330 | D:3      | Reached XP level 6. HP: 36/44 MP: 6/6
  3521 | D:3      | Killed Natasha
  3723 | D:3      | Found a shimmering altar of Xom.
  3829 | D:3      | Noticed Natasha
  3841 | D:3      | Killed Natasha
  4018 | D:3      | Found an opulent altar of Gozag.
  4250 | D:4      | Found a hazy altar of Hepliaklqana.
  4527 | D:4      | Noticed a black bear
  4597 | D:4      | Reached skill level 10 in Polearms
  4610 | D:4      | Killed a black bear
  4611 | D:4      | Reached skill level 5 in Dodging
  4611 | D:4      | Reached XP level 7. HP: 49/50 MP: 7/7
  5262 | D:5      | Entered Level 5 of the Dungeon
  5405 | D:5      | Found a sand-covered staircase.
  5410 | Ossuary  | Entered an ossuary
  5669 | Ossuary  | Reached XP level 8. HP: 56/56 MP: 8/8
  5878 | D:5      | Noticed Edmund
  5898 | D:5      | Killed Edmund
  6135 | D:5      | Noticed Sigmund
  6141 | D:5      | Reached skill level 5 in Throwing
  6153 | D:5      | Killed Sigmund
  6204 | D:5      | Found a staircase to the Ecumenical Temple.
  6213 | Temple   | Entered the Ecumenical Temple
  6499 | D:5      | Reached skill level 5 in Fighting
  6567 | Temple   | Became a worshipper of Zin the Law-Giver
  6567 | Temple   | Reached * piety under Zin
  6567 | Temple   | Reached ** piety under Zin
  6837 | D:5      | Reached XP level 9. HP: 68/68 MP: 9/9
  6885 | D:6      | Noticed Eustachio
  6914 | D:6      | Killed Eustachio
  6915 | D:6      | Reached skill level 11 in Polearms
  6957 | D:6      | Reached skill level 12 in Polearms
  6974 | D:6      | Reached skill level 13 in Polearms
  7505 | D:6      | Reached skill level 14 in Polearms
  7511 | D:6      | Reached skill level 1 in Invocations
  7802 | D:6      | Reached XP level 10. HP: 69/74 MP: 12/12
  8048 | D:7      | Found a broken altar of Ashenzari.
  8406 | D:7      | Reached skill level 5 in Invocations
  8507 | D:7      | Reached *** piety under Zin
  9175 | D:8      | Noticed a death knight
  9175 | D:8      | Noticed a skeletal warrior
  9189 | D:8      | Found a runed translucent door.
  9189 | D:8      | Noticed hawla's ghost (novice MeIE)
  9397 | D:8      | Killed a death knight
  9398 | D:8      | Reached skill level 10 in Dodging
  9398 | D:8      | HP: 2/74 [wraith[a death knight] (4)]
  9402 | D:8      | Zin protects you from harm!
 11345 | D:9      | Reached XP level 11. HP: 49/79 MP: 4/14
 11680 | D:9      | Noticed Maurice
 11705 | D:9      | Killed Maurice
 12153 | D:9      | Noticed Pikel
 12180 | D:9      | Killed Pikel
 12915 | D:10     | Entered Level 10 of the Dungeon
 12940 | D:10     | Reached skill level 15 in Dodging
 13652 | D:10     | Reached skill level 15 in Polearms
 14049 | D:11     | Noticed Sonja
 14057 | Abyss:1  | Cast into level 1 of the Abyss (Sonja)
 14086 | Abyss:1  | Noticed a great orb of eyes
 14104 | Abyss:1  | Killed a great orb of eyes
 14173 | Abyss:1  | Reached skill level 16 in Polearms
 14175 | Abyss:1  | Noticed a hellephant
 14180 | Abyss:1  | Noticed a lich
 14186 | Abyss:1  | Zin protects you from harm!
 14198 | Abyss:1  | Blown up by a lich

Illustrated notes

Levels and vault maps discovered:
D:1:      dpeg_arrival_more_subterranean_lakeside_camping, layout_loops_ring,
          nicolae_ecumenical_snake_handling
D:2:      layout_basic, basic_altar
D:3:      minmay_wonky_spiral, layout_rooms, mainiacjoe_overflow_alcove_1,
          old_standard_altar, uniq_robin, uniq_natasha
D:4:      minmay_opposing_rooms, layout_basic, mainiacjoe_overflow_boulevard,
          item_on_display_a
D:5:      layout_basic, minmay_temple_entry_fiery, enter_ossuary_5,
          uniq_sigmund, uniq_edmund
D:6:      layout_basic, uniq_eustachio
D:7:      layout_basic, mainiacjoe_overflow_cross_hatched, abandoned_shop
D:8:      layout_basic, gammafunk_ghost_grave, grunt_ministairs_7, minivault_11,
          interstate_on_off, nicolae_looking_at_the_future
D:9:      layout_grid_maze, nicolae_concentric_dashed_squares_wild,
          uniq_maurice, uniq_pikel
D:10:     layout_basic, hangedman_fish_farm
D:11:     layout_loops_cross, dpeg_oklobed_lair, erik_orc_2, uniq_sonja
Temple:   eino_narrow_crystal_temple
Abyss:1:  base:
D:5

Skill      XL: |  1  2  3  4  5  6  7  8  9 10 11 |
---------------+----------------------------------+-----
Polearms       | 5 6 7 9 10 14 16 | 16.0
Dodging        | 5 8 13 15 | 15.0
Throwing       | 5 |  5.0
Fighting       | 5 |  5.0
Invocations    | 3 5 |  5.0

Action                   |  1- 3 |  4- 6 |  7- 9 | 10-12 || total
-------------------------+-------+-------+-------+-------++-------
Melee: Trident           |   105 |    47 |       |       ||   152
       Punch             |     1 |       |       |       ||     1
       Halberd           |       |   176 |   342 |   487 ||  1005
Throw: Throwing net      |       |     2 |     3 |     1 ||     6
       Dart              |       |    11 |     6 |    47 ||    64
       Javelin           |       |       |     2 |     1 ||     3
Invok: Recite            |       |       |     2 |    14 ||    16
       Vitalisation      |       |       |       |     3 ||     3
Evoke: Wand              |       |       |       |    10 ||    10
  Use: Scroll            |     1 |       |     9 |    10 ||    20
       Potion            |       |       |       |     5 ||     5
 Stab: Sleeping          |     1 |     1 |     1 |       ||     3
       Held in net/web   |       |       |     2 |       ||     2
       Distracted        |       |       |     1 |       ||     1
       Invisible         |       |       |       |     2 ||     2
       Confused          |       |       |       |     3 ||     3
Armor: Leather armour    |    28 |    50 |    39 |       ||   117
       Ring mail         |       |       |    65 |   127 ||   192
Dodge: Dodged            |    61 |   120 |   220 |   358 ||   759
       Repelled          |       |       |       |     4 ||     4
